 Dungeon Crawl Stone Soup version 0.21.1-1-g345015f (webtiles) character file.

499 shakethe the Chopper (level 7, 0/52 HPs)
             Began as a Human Berserker on Feb 5, 2018.
             Was a Believer of Trog.
             Killed by divine providence
             ... invoked by an orc priest
              (13 damage)
             ... on level 3 of the Dungeon.
             The game lasted 00:10:40 (2752 turns).

shakethe the Chopper (Human Berserker)              Turns: 2752, Time: 00:10:40

Health: 0/52       AC: 11    Str: 18    XL:     7   Next: 39%
Magic:  7/7        EV:  8    Int:  7    God:    Trog [**....]
Gold:   199        SH:  0    Dex: 14    Spells: 6/6 levels left

rFire    . . .     SeeInvis .   a - +0 hand axe
rCold    . . .     Gourm    .   (no shield)
rNeg     . . .     Faith    .   j - +0 chain mail
rPois    .         Spirit   .   f - +2 hat
rElec    .         Reflect  .   (no cloak)
rCorr    .         Harm     .   v - +0 pair of gloves
MR       .....                  (no boots)
Stlth    ..........             (no amulet)
HPRegen  0.17/turn              (no ring)
MPRegen  0.10/turn              (no ring)

@: berserk cooldown, slowed, very slow
A: no striking features
a: Berserk, Trog's Hand, Burn Spellbooks, Renounce Religion


You were on level 3 of the Dungeon.
You worshipped Trog.
Trog was pleased with you.
You were hungry.

You visited 1 branch of the dungeon, and saw 3 of its levels.

You collected 199 gold pieces.

Inventory:

Hand Weapons
 a - a +0 hand axe (weapon)
Armour
 b - a +0 animal skin
 f - a +2 hat (worn)
 j - a +0 chain mail (worn)
 m - a +0 ring mail
 v - a +0 pair of gloves (worn)
Jewellery
 u - a -3 ring of evasion
Scrolls
 g - a scroll of amnesia
 k - 2 scrolls of identify
 n - 3 scrolls of remove curse
 r - a scroll of teleportation {unknown}
Potions
 d - 2 potions of mutation {unknown}
 e - a potion of berserk rage {unknown}
 h - a potion of lignification {unknown}
 i - a potion of curing
 l - a potion of ambrosia {unknown}
 p - a potion of brilliance {unknown}
 q - a potion of heal wounds {unknown}
 s - a potion of flight {unknown}
Books
 t - a book of Changes

   Spells                             Type                      Level
   a - Beastly Appendage              Transmutation                1
   b - Sticks to Snakes               Transmutation                2
   c - Spider Form                    Transmutation/Poison         3
   d - Ice Form                       Ice/Transmutation            4
   e - Blade Hands                    Transmutation                5
   Trog disapproves of the use of such an item.
Comestibles
 c - 2 rations
 o - a chunk of flesh


   Skills:
 - Level 3.0 Fighting
 + Level 6.0 Axes
 + Level 4.9 Throwing
 - Level 2.0 Armour
 - Level 2.0 Dodging


You had 6 spell levels left.
You didn't know any spells.

Dungeon Overview and Level Annotations

Branches:
Dungeon (3/15)

Altars:


Message History

You slash the orc wizard!
The orc wizard is heavily wounded.
The orc wizard hits you but does no damage.
The orc priest calls down the wrath of Beogh upon you.
Beogh smites you!
* * * LOW HITPOINT WARNING * * *
You slash the orc wizard!
You kill the orc wizard!
Trog accepts your kill.
Trog appreciates your killing of a magic user.
Your Axes skill increases to level 6!
You are no longer berserk.
You are exhausted.
You feel yourself slow down. The orc priest hits you.
* * * LOW HITPOINT WARNING * * *
Items here: )))) [[[ †† You closely miss the orc priest.
The orc priest invokes the aid of Beogh against you.
Beogh smites you!
You die...

,,,,,,*
#.#*,,,,,*#.#..(...
,,,,,,*
#.#......,#.#..##..
,,,,,,*
#.#.#...*.#.##.##..
,,,,,,******
#.#....,..#.##.##..
,,,,,,,,,,,*
#.#...,...#.##.##..
,,,,,,,,,,,*
#.#..,....#.##.##..
,,,,,,,,,,,*
#.#.#...#.*,*#.##..
*****,,,,,,*
#)#.......*,,...#..
*,,,,,,*
#o@.o.....,,,**,#..
*,,,,,,*
#####.....,,,**,..#
*,,,,,,*
***###*****#..*
*,,,,,,* *,,*
*,,,,,,* *,>*
******** **** ## #.


You could see 2 orc priests.

Vanquished Creatures
  Sigmund (D:3)
  The ghost of Mgcat the Skirmisher, an amateur DDFi (D:3)
  A hound (D:3)
  Natasha (twice) (D:3)
  3 orc wizards (D:3)
  5 adders
  A worm (D:2)
  2 leopard geckos
  2 orcs (D:3)
  A ball python (D:3)
  2 giant cockroaches
  2 hobgoblins
  4 jackals (D:2)
  5 quokkas
  2 bats
  A frilled lizard (D:1)
  6 goblins
  10 kobolds
  2 rats (D:2)
53 creatures vanquished.

Notes
Turn   | Place    | Note
-------+----------+-------------------------------------------
     0 | D:1      | shakethe the Human Berserker began the quest for the Orb.
     0 | D:1      | Reached XP level 1. HP: 18/18 MP: 1/1
   266 | D:1      | Reached XP level 2. HP: 9/24 MP: 2/2
   268 | D:1      | Reached skill level 1 in Throwing
  1169 | D:2      | Reached XP level 3. HP: 25/29 MP: 3/3
  1484 | D:2      | Reached XP level 4. HP: 35/35 MP: 4/4
  1570 | D:2      | Reached ** piety under Trog
  1570 | D:2      | Reached skill level 4 in Axes
  2074 | D:3      | Noticed Mgcat's ghost (amateur DDFi)
  2089 | D:3      | Killed Mgcat's ghost
  2089 | D:3      | Reached XP level 5. HP: 41/41 MP: 5/5
  2244 | D:3      | Noticed Natasha
  2255 | D:3      | Killed Natasha
  2255 | D:3      | Reached XP level 6. HP: 47/47 MP: 6/6
  2259 | D:3      | Reached skill level 5 in Axes
  2401 | D:3      | Noticed Sigmund
  2427 | D:3      | Killed Sigmund
  2427 | D:3      | Reached XP level 7. HP: 19/52 MP: 7/7
  2655 | D:3      | Noticed Natasha
  2683 | D:3      | Killed Natasha
  2749 | D:3      | Reached skill level 6 in Axes
  2752 | D:3      | Killed from afar by an orc priest

Skill      XL: |  1  2  3  4  5  6  7 |
---------------+----------------------+-----
Throwing       | 1 2 3 4 |  4.9
Axes           | 4 5 6 |  6.0
Fighting       | |  3.0
Armour         | |  2.0
Dodging        | |  2.0

Action                   |  1- 3 |  4- 6 |  7- 9 || total
-------------------------+-------+-------+-------++-------
Melee: Hand axe          |   116 |   131 |    45 ||   292
Invok: Berserk           |     1 |     3 |     1 ||     5
  Use: Scroll            |       |       |     4 ||     4
  Eat: Chunk             |     2 |     6 |     2 ||    10
Armor: Animal skin       |     7 |       |       ||     7
       Chain mail        |    53 |    77 |    28 ||   158
Dodge: Dodged            |    82 |    69 |    10 ||   161
